| TOP OF THE 1ST |
|
Brockton Rox batting - Pitching for York Revolution : RHP Marcos Tapia
|
|
Pitching: RHP Marcos Tapia
|
|
|
Batting: RHB Sal Rivera
|
0-0: Called Strike 0-1: Called Strike 0-2: Strikes out swinging
|
|
Batting: LHB John Buff
|
0-0: Ball 1-0: Swinging Strike 1-1: Swinging Strike 1-2: Ball 2-2: Ball 3-2: Foul Ball, location: 2F 3-2: Strikes out swinging
|
|
Batting: LHB Danny Montoya
|
0-0: Ball 1-0: Called Strike 1-1: Ball 2-1: Swinging Strike 2-2: Ball 3-2: SINGLE (Groundball, 4MD, EV 102.5 MPH)
|
|
Batting: LHB Carlos Guerra
|
0-0: Swinging Strike 0-1: Foul Ball, location: 2F 0-2: Strikes out swinging
|
| Top of the 1st over - 0 runs, 1 hit, 0 errors, 1 left on base; Brockton 0 - York 0 |
| BOTTOM OF THE 1ST |
|
York Revolution batting - Pitching for Brockton Rox : RHP Graham Jackson
|
|
Pitching: RHP Graham Jackson
|
|
|
Batting: RHB Tony Perez
|
0-0: Foul Ball, location: 2F 0-1: Called Strike 0-2: Foul Ball, location: 2F 0-2: Foul Ball, location: 2F 0-2: Foul Ball, location: 2F 0-2: Ball 1-2: Ball 2-2: Foul Ball, location: 2F 2-2: Foul Ball, location: 2F 2-2: Ground out 1-3 (Groundball, 13, EV 68.8 MPH)
|
|
Batting: RHB Chris Myers
|
0-0: Ball 1-0: DOUBLE (Flyball, 78D, EV 88.1 MPH)
|
|
Batting: RHB Trent Hedrick
|
0-0: Ball 1-0: Foul Ball, location: 2F 1-1: Ground out 5-3 (Groundball, 56, EV 78.1 MPH)
|
|
Batting: RHB Jose Corral
|
0-0: Called Strike 0-1: Ball 1-1: Foul Ball, location: 2F 1-2: Fly out, F9 (Flyball, 89XD, EV 90.6 MPH)
|
| Bottom of the 1st over - 0 runs, 1 hit, 0 errors, 1 left on base; Brockton 0 - York 0 |
| TOP OF THE 2ND |
|
Brockton Rox batting - Pitching for York Revolution : RHP Marcos Tapia
|
|
Batting: RHB Jim Hubbard
|
0-0: Ball 1-0: Called Strike 1-1: Ball 2-1: Foul Ball, location: 2F 2-2: Foul Ball, location: 2F 2-2: Foul Ball, location: 2F 2-2: Strikes out swinging
|
|
Batting: RHB Travis Campbell
|
0-0: Called Strike 0-1: Swinging Strike 0-2: Foul Ball, location: 2F 0-2: Ball 1-2: Strikes out swinging
|
|
Batting: RHB Mike Griffin
|
0-0: Ball 1-0: Called Strike 1-1: Ball 2-1: Foul Ball, location: 2F 2-2: Ball 3-2: Foul Ball, location: 2F 3-2: Foul Ball, location: 2F 3-2: Base on Balls
|
|
Batting: LHB Aaron Brannon
|
0-0: Ball 1-0: Foul Ball, location: 2F 1-1: Swinging Strike 1-2: Foul Ball, location: 2F 1-2: Ball 2-2: Ball 3-2: Strikes out looking
|
| Top of the 2nd over - 0 runs, 0 hits, 0 errors, 1 left on base; Brockton 0 - York 0 |
| BOTTOM OF THE 2ND |
|
York Revolution batting - Pitching for Brockton Rox : RHP Graham Jackson
|
|
Batting: RHB Lee Wright
|
0-0: Ball 1-0: Ball 2-0: Called Strike 2-1: Swinging Strike 2-2: Strikes out swinging
|
|
Batting: RHB Jake Cox
|
0-0: Called Strike 0-1: Fly out, F3 (Popup, 23F, EV 88.8 MPH)
|
|
Batting: SHB Brett St. Clair
|
0-0: Ball 1-0: TRIPLE (Flyball, 9LD, EV 107.5 MPH)
|
|
Batting: RHB Victor Arias
|
0-0: Ball 1-0: Ground out 6-3 (Groundball, 6, EV 102.5 MPH)
|
| Bottom of the 2nd over - 0 runs, 1 hit, 0 errors, 1 left on base; Brockton 0 - York 0 |
| TOP OF THE 3RD |
|
Brockton Rox batting - Pitching for York Revolution : RHP Marcos Tapia
|
|
Batting: RHB Josh Smith
|
0-0: Called Strike 0-1: Ball 1-1: Called Strike 1-2: Foul Ball, location: 2F 1-2: Fly out, F7 (Flyball, 7D, EV 90.6 MPH)
|
|
Batting: RHB Sal Rivera
|
0-0: Ball 1-0: Called Strike 1-1: Foul Ball, location: 2F 1-2: Ball 2-2: Foul Ball, location: 2F 2-2: Foul Ball, location: 2F 2-2: Ball 3-2: Ground out 5-3 (Groundball, 56, EV 101.3 MPH)
|
|
Batting: LHB John Buff
|
0-0: Ball 1-0: Ball 2-0: Ball 3-0: Base on Balls
|
|
Batting: LHB Danny Montoya
|
0-0: Called Strike 0-1: Ball 1-1: Foul Ball, location: 2F 1-2: Ball 2-2: Foul Ball, location: 2F 2-2: 2-RUN HOME RUN (Flyball, 9D, EV 91.3 MPH), Distance : 348 ft
|
|
Batting: LHB Carlos Guerra
|
0-0: Ball 1-0: Swinging Strike 1-1: Called Strike 1-2: Fly out, F7 (Flyball, 7, EV 89.4 MPH)
|
| Top of the 3rd over - 2 runs, 1 hit, 0 errors, 0 left on base; Brockton 2 - York 0 |
| BOTTOM OF THE 3RD |
|
York Revolution batting - Pitching for Brockton Rox : RHP Graham Jackson
|
|
Batting: RHB Joe Hewitt
|
0-0: Called Strike 0-1: Fly out, F8 (Flyball, 8RD, EV 99.4 MPH)
|
|
Batting: RHB Tony Perez
|
0-0: Ball 1-0: Ball 2-0: Foul Ball, location: 2F 2-1: Foul Ball, location: 2F 2-2: Foul Ball, location: 2F 2-2: Strikes out swinging
|
|
Batting: RHB Chris Myers
|
0-0: Foul Ball, location: 2F 0-1: Ground out 6-3 (Groundball, 6, EV 100.0 MPH)
|
| Bottom of the 3rd over - 0 runs, 0 hits, 0 errors, 0 left on base; Brockton 2 - York 0 |
| TOP OF THE 4TH |
|
Brockton Rox batting - Pitching for York Revolution : RHP Marcos Tapia
|
|
Batting: RHB Jim Hubbard
|
0-0: Swinging Strike 0-1: Foul Ball, location: 2F 0-2: Ball 1-2: Ball 2-2: Fly out, F9 (Flyball, 9D, EV 94.4 MPH)
|
|
Pitching: LHP Chris Burch
|
|
|
Batting: RHB Travis Campbell
|
0-0: Swinging Strike 0-1: Ball 1-1: Swinging Strike 1-2: Strikes out swinging
|
|
Batting: RHB Mike Griffin
|
0-0: Fly out, F5 (Popup, 56S, EV 71.9 MPH)
|
| Top of the 4th over - 0 runs, 0 hits, 0 errors, 0 left on base; Brockton 2 - York 0 |
| BOTTOM OF THE 4TH |
|
York Revolution batting - Pitching for Brockton Rox : RHP Graham Jackson
|
|
Batting: RHB Trent Hedrick
|
0-0: Called Strike 0-1: Ball 1-1: Ball 2-1: Called Strike 2-2: Strikes out swinging
|
|
Batting: RHB Jose Corral
|
0-0: Ball 1-0: Ball 2-0: Called Strike 2-1: Foul Ball, location: 2F 2-2: Ball 3-2: Base on Balls
|
|
Batting: RHB Lee Wright
|
0-0: Ball 1-0: Foul Ball, location: 2F 1-1: Foul Ball, location: 2F 1-2: Foul Ball, location: 2F 1-2: Fly out, F5 (Popup, 5SF, EV 75.6 MPH)
|
|
Batting: RHB Jake Cox
|
0-0: Called Strike 0-1: Ball 1-1: Ball 2-1: Foul Ball, location: 2F 2-2: Ball 3-2: Foul Ball, location: 2F 3-2: Base on Balls Jose Corral to second
|
|
Batting: SHB Brett St. Clair
|
0-0: Called Strike 0-1: Swinging Strike 0-2: Ball 1-2: Strikes out swinging
|
| Bottom of the 4th over - 0 runs, 0 hits, 0 errors, 2 left on base; Brockton 2 - York 0 |
| TOP OF THE 5TH |
|
Brockton Rox batting - Pitching for York Revolution : LHP Chris Burch
|
|
Batting: LHB Aaron Brannon
|
0-0: Ball 1-0: Foul Ball, location: 2F 1-1: Ball 2-1: DOUBLE (Line Drive, 89D, EV 103.8 MPH)
|
|
Batting: RHB Josh Smith
|
0-0: Foul Ball, location: 2F 0-1: SINGLE (Groundball, 6MD, EV 97.5 MPH) Aaron Brannon to third
|
|
Batting: RHB Sal Rivera
|
0-0: Ball 1-0: Ball 2-0: Called Strike 2-1: Foul Ball, location: 2F 2-2: Strikes out swinging
|
|
Batting: LHB John Buff
|
0-0: Ball 1-0: Ball 2-0: Called Strike 2-1: Foul Ball, location: 2F 2-2: Strikes out swinging
|
|
Pitching: LHP Mike Aldrich
|
|
|
Batting: LHB Danny Montoya
|
0-0: Ball 1-0: Ball 2-0: Called Strike 2-1: Foul Ball, location: 2F 2-2: Foul Ball, location: 2F 2-2: Ball Wild Pitch! Aaron Brannon scores Josh Smith to second 3-2: Foul Ball, location: 2F 3-2: Foul Ball, location: 2F 3-2: Foul Ball, location: 2F 3-2: Base on Balls
|
|
Batting: LHB Carlos Guerra
|
0-0: Called Strike 0-1: Ball 1-1: Foul Ball, location: 2F 1-2: DOUBLE (Groundball, 3L, EV 104.4 MPH) Josh Smith scores Danny Montoya to third Runner from 3rd tries for Home, throw by RF and OUT! 9-4-2
|
| Top of the 5th over - 2 runs, 3 hits, 0 errors, 1 left on base; Brockton 4 - York 0 |
| BOTTOM OF THE 5TH |
|
York Revolution batting - Pitching for Brockton Rox : RHP Graham Jackson
|
|
Batting: RHB Victor Arias
|
0-0: Ball 1-0: SINGLE (Groundball, 25, EV 70.6 MPH) (infield hit)
|
|
Batting: RHB Joe Hewitt
|
0-0: Ball 1-0: Fly out, F8 (Line Drive, 8RS, EV 92.5 MPH)
|
|
Batting: RHB Tony Perez
|
0-0: Ball 1-0: Ball 2-0: Ball 3-0: Called Strike 3-1: Swinging Strike 3-2: Base on Balls Victor Arias to second
|
|
Batting: RHB Chris Myers
|
0-0: Called Strike Balk! Victor Arias to third Tony Perez to second 0-1: Foul Ball, location: 2F 0-2: Ball 1-2: Strikes out swinging
|
|
Pitching: RHP Danny Marquez
|
|
|
Batting: RHB Trent Hedrick
|
0-0: Foul Ball, location: 2F 0-1: Ball 1-1: Foul Ball, location: 2F 1-2: Strikes out looking
|
| Bottom of the 5th over - 0 runs, 1 hit, 0 errors, 2 left on base; Brockton 4 - York 0 |
| TOP OF THE 6TH |
|
Brockton Rox batting - Pitching for York Revolution : LHP Mike Aldrich
|
|
Batting: RHB Jim Hubbard
|
0-0: Foul Ball, location: 2F 0-1: Called Strike 0-2: Ball 1-2: Ball 2-2: SINGLE (Groundball, 4D, EV 96.9 MPH)
|
|
Batting: RHB Travis Campbell
|
0-0: Foul Ball, location: 2F 0-1: Ball 1-1: Ball 2-1: Fly out, F9 (Line Drive, 9, EV 85.6 MPH)
|
|
Batting: RHB Mike Griffin
|
0-0: Ball 1-0: Ball 2-0: Ball 3-0: Base on Balls Jim Hubbard to second
|
|
Pitching: RHP Jonathan Beishline
|
|
|
Batting: LHB Aaron Brannon
|
0-0: Called Strike Jim Hubbard steals 3rd base 0-1: Ball Mike Griffin steals 2nd base 1-1: Ball 2-1: Ball 3-1: SINGLE (Line Drive, 78S, EV 100.6 MPH) Jim Hubbard scores Mike Griffin to third Runner from 3rd tries for Home, SAFE, throw by LF to home
|
|
Batting: RHB Josh Smith
|
0-0: Ball Aaron Brannon steals 2nd base 1-0: Ball 2-0: Ball 3-0: Called Strike 3-1: Base on Balls
|
|
Batting: RHB Sal Rivera
|
0-0: Ball 1-0: Called Strike 1-1: Called Strike 1-2: Ball 2-2: Ball 3-2: Base on Balls Aaron Brannon to third Josh Smith to second
|
|
Batting: LHB John Buff
|
0-0: Called Strike 0-1: Foul Ball, location: 2F 0-2: Strikes out swinging
|
|
Batting: LHB Danny Montoya
|
0-0: Ball 1-0: Ball 2-0: Swinging Strike 2-1: Foul Ball, location: 2F 2-2: Strikes out swinging
|
| Top of the 6th over - 2 runs, 2 hits, 0 errors, 3 left on base; Brockton 6 - York 0 |
| BOTTOM OF THE 6TH |
|
York Revolution batting - Pitching for Brockton Rox : RHP Danny Marquez
|
|
Batting: RHB Jose Corral
|
0-0: Called Strike 0-1: Swinging Strike 0-2: Ball 1-2: Ball 2-2: Foul Ball, location: 2F 2-2: Foul Ball, location: 2F 2-2: Ball 3-2: Foul Ball, location: 2F 3-2: Base on Balls
|
|
Batting: RHB Lee Wright
|
0-0: Foul Ball, location: 2F 0-1: Foul Ball, location: 2F 0-2: Strikes out looking
|
|
Batting: RHB Jake Cox
|
0-0: Ball 1-0: Ball 2-0: Ball 3-0: Base on Balls Jose Corral to second
|
|
Batting: SHB Brett St. Clair
|
0-0: Foul Ball, location: 2F 0-1: Foul Ball, location: 2F 0-2: Ball 1-2: Ball 2-2: Strikes out swinging
|
|
Batting: RHB Victor Arias
|
0-0: Ball Passed Ball! Jose Corral to third Jake Cox to second 1-0: Called Strike 1-1: Ball 2-1: Swinging Strike 2-2: Strikes out swinging
|
| Bottom of the 6th over - 0 runs, 0 hits, 0 errors, 2 left on base; Brockton 6 - York 0 |
| TOP OF THE 7TH |
|
Brockton Rox batting - Pitching for York Revolution : RHP Jonathan Beishline
|
|
Batting: LHB Carlos Guerra
|
0-0: Ball 1-0: Fly out, F8 (Flyball, 89S, EV 88.8 MPH)
|
|
Batting: RHB Jim Hubbard
|
0-0: Called Strike 0-1: Ball 1-1: Foul Ball, location: 2F 1-2: Ball 2-2: Foul Ball, location: 2F 2-2: Strikes out looking
|
|
Batting: RHB Travis Campbell
|
0-0: Ball 1-0: Ball 2-0: Ball 3-0: Called Strike 3-1: Called Strike 3-2: Foul Ball, location: 2F 3-2: Strikes out swinging
|
| Top of the 7th over - 0 runs, 0 hits, 0 errors, 0 left on base; Brockton 6 - York 0 |
| BOTTOM OF THE 7TH |
|
York Revolution batting - Pitching for Brockton Rox : RHP Danny Marquez
|
|
Batting: RHB Joe Hewitt
|
0-0: Fly out, F5 (Line Drive, 5, EV 75.0 MPH)
|
|
Batting: RHB Tony Perez
|
0-0: Called Strike 0-1: Ball 1-1: Foul Ball, location: 2F 1-2: Foul Ball, location: 2F 1-2: Ball 2-2: Foul Ball, location: 2F 2-2: Foul Ball, location: 2F 2-2: Strikes out swinging
|
|
Batting: RHB Chris Myers
|
0-0: SINGLE (Popup, 6MD, EV 54.4 MPH)
|
|
Batting: RHB Trent Hedrick
|
0-0: Called Strike Chris Myers steals 2nd base (no throw) 0-1: Called Strike 0-2: Ball 1-2: Foul Ball, location: 2F 1-2: Ball 2-2: Strikes out swinging
|
| Bottom of the 7th over - 0 runs, 1 hit, 0 errors, 1 left on base; Brockton 6 - York 0 |
| TOP OF THE 8TH |
|
Brockton Rox batting - Pitching for York Revolution : RHP Jonathan Beishline
|
|
Batting: RHB Mike Griffin
|
0-0: Called Strike 0-1: Ball 1-1: Ball 2-1: DOUBLE (Line Drive, 78D, EV 112.5 MPH)
|
|
Batting: LHB Aaron Brannon
|
0-0: Ball 1-0: Ball 2-0: Fly out, F6 (Popup, 4S, EV 78.8 MPH)
|
|
Batting: RHB Josh Smith
|
0-0: Swinging Strike 0-1: Ball 1-1: Called Strike 1-2: Strikes out looking
|
|
Batting: RHB Sal Rivera
|
0-0: Ball 1-0: Called Strike 1-1: Ball 2-1: Ball 3-1: Called Strike 3-2: Strikes out swinging
|
| Top of the 8th over - 0 runs, 1 hit, 0 errors, 1 left on base; Brockton 6 - York 0 |
| BOTTOM OF THE 8TH |
|
York Revolution batting - Pitching for Brockton Rox : RHP Danny Marquez
|
|
Pitching: LHP Jon Convery
|
|
|
Batting: RHB Jose Corral
|
0-0: Called Strike 0-1: Ball 1-1: Ball 2-1: Ball 3-1: Base on Balls
|
|
Batting: RHB Lee Wright
|
0-0: Called Strike 0-1: Foul Ball, location: 2F 0-2: Foul Ball, location: 2F 0-2: Ball 1-2: Strikes out swinging
|
|
Batting: RHB Jake Cox
|
0-0: Foul Ball, location: 2F 0-1: Swinging Strike 0-2: Strikes out swinging
|
|
Batting: SHB Brett St. Clair
|
0-0: Ball 1-0: Ball Wild Pitch! Jose Corral to second 2-0: SINGLE (Line Drive, 7S, EV 88.8 MPH) Jose Corral to third Runner from 3rd tries for Home, SAFE, throw by LF to home
|
|
Batting: RHB Victor Arias
|
0-0: Ball 1-0: Ball 2-0: Called Strike 2-1: Ball 3-1: Ground out 4-3 (Groundball, 34, EV 109.4 MPH)
|
| Bottom of the 8th over - 1 run, 1 hit, 0 errors, 1 left on base; Brockton 6 - York 1 |
| TOP OF THE 9TH |
|
Brockton Rox batting - Pitching for York Revolution : RHP Jonathan Beishline
|
|
Pitching: RHP Jeremy Mitchem
|
|
|
Batting: LHB John Buff
|
0-0: Called Strike 0-1: Ball 1-1: Foul Ball, location: 2F 1-2: Ball 2-2: Ball 3-2: Ground out U3 (Groundball, 34, EV 104.4 MPH)
|
|
Batting: LHB Danny Montoya
|
0-0: Called Strike 0-1: Ball 1-1: Swinging Strike 1-2: Foul Ball, location: 2F 1-2: Ball 2-2: Foul Ball, location: 2F 2-2: Ball 3-2: Base on Balls
|
|
Batting: LHB Carlos Guerra
|
0-0: Ball 1-0: Fly out, F9 (Line Drive, 9, EV 100.6 MPH)
|
|
Batting: RHB Jim Hubbard
|
0-0: Ball 1-0: Fielders Choice at 2nd, 5-4 (Groundball, 56, EV 105.0 MPH)
|
| Top of the 9th over - 0 runs, 0 hits, 0 errors, 1 left on base; Brockton 6 - York 1 |
| BOTTOM OF THE 9TH |
|
York Revolution batting - Pitching for Brockton Rox : LHP Jon Convery
|
|
Batting: RHB Joe Hewitt
|
0-0: Ball 1-0: Foul Ball, location: 2F 1-1: Foul Ball, location: 2F 1-2: Strikes out swinging
|
|
Batting: RHB Tony Perez
|
0-0: Called Strike 0-1: Foul Ball, location: 2F 0-2: Ball 1-2: Ball 2-2: Foul Ball, location: 2F 2-2: Foul Ball, location: 2F 2-2: Ball 3-2: Fly out, F8 (Flyball, 8LXD, EV 103.1 MPH)
|
|
Batting: RHB Chris Myers
|
0-0: Called Strike 0-1: Swinging Strike 0-2: Ball 1-2: Foul Ball, location: 2F 1-2: Ball 2-2: Ball 3-2: Foul Ball, location: 2F 3-2: SINGLE (Groundball, 56D, EV 98.1 MPH)
|
|
Pitching: LHP Chris Deans
|
|
|
Batting: RHB Trent Hedrick
|
0-0: Ball 1-0: Ball 2-0: Called Strike 2-1: Ball 3-1: SINGLE (Groundball, 34D, EV 102.5 MPH) Chris Myers to second
|
|
Batting: RHB Jose Corral
|
0-0: Called Strike 0-1: Called Strike 0-2: Foul Ball, location: 2F 0-2: Ball 1-2: Fly out, F9 (Flyball, 9, EV 90.0 MPH)
|
| Bottom of the 9th over - 0 runs, 2 hits, 0 errors, 2 left on base; Brockton 6 - York 1 |
|